Map: [ESL] Site Delta

Players

Bly

  • Race: Zerg Zerg
  • Spawn Location: 11:00

Clem - Winner!

  • Race: Terran Terran
  • Spawn Location: 5:00

Event: ESL SC2 Masters 2024 Spring (Regional)

VOD

Have the link to the VOD?

Description

Time

  • Played on: April 25, 2024, 12:14 p.m.
  • Length: 7:16

All games in this series

Show
View Real Time Build Order
Export as new Build Order

Bly Zerg 

Build Orders: Hatch First, Ravager All-In 

Get SALT Encoding   

  12  0:00  Drone  
  13  0:09  Drone  
  14  0:37  Hatchery  
  13  0:49  Spawning Pool  
  12  0:54  Drone  
  13  0:57  Drone  
  13  1:04  Drone, Extractor  
  14  1:14  Drone, Extractor  
  14  1:19  Overlord  
  14  1:38  Roach Warren, Drone  
  14  1:40  Drone  
  15  1:48  Drone  
  15  1:51  Zergling x2  
  17  2:19  Roach  
  17  2:20  Roach  
  17  2:22  Roach  
  23  2:33  Overlord  
  23  2:36  Roach  
  25  2:40  Ravager x2  
  26  2:46  Roach  
  28  2:59  Ravager  
  26  3:06  Roach x2  
  26  3:09  Ravager  
  26  3:10  Ravager  
  32  3:25  Roach  
  34  3:28  Overlord  
  32  3:47  Roach x2  
  36  3:54  Ravager  
  34  4:04  Roach x2  
  34  4:08  Ravager  
  39  4:15  Roach  
  39  4:16  Overlord  
  41  4:26  Ravager  
  41  4:29  Zergling x4  
  44  4:47  Roach x2  
  48  4:56  Ravager  
  48  4:57  Ravager  
  50  5:14  Roach x2  
  51  5:15  Zergling x2  
  51  5:17  Overlord  
  52  5:27  Metabolic Boost  
  52  5:53  Ravager x2  
  54  6:00  Zergling x6  
  54  6:01  Overlord  
  54  6:02  Zergling x2  
  58  6:06  Zergling x2  
  59  6:14  Ravager  
  60  6:31  Ravager x2  
  60  6:32  Zergling x4  
  64  6:33  Zergling x4  
  66  6:45  Ravager  
  67  6:52  Overlord  
Show
View Real Time Build Order
Export as new Build Order

Clem Terran - Winner!

Build Orders: Cyclone Opening, Reaper Expand 

Get SALT Encoding   

  12  0:00  SCV  
  13  0:12  SCV  
  14  0:17  Supply Depot  
  14  0:24  SCV  
  15  0:38  SCV  
  15  0:40  Barracks  
  16  0:44  Refinery  
  16  0:50  SCV  
  17  1:02  SCV  
  18  1:15  SCV  
  19  1:27  Orbital Command, Reaper  
  20  1:39  Command Center  
  20  1:47  Supply Depot  
  20  1:52  SCV  
  21  1:59  Marine  
  22  2:05  Bunker  
  22  2:09  Factory  
  22  2:16  Bunker  
  22  2:19  Marine  
  22  2:21  SCV  
  24  2:33  SCV  
  25  2:37  Marine  
  26  2:45  SCV, Barracks  
  27  2:54  Cyclone  
  27  2:56  Marine  
  27  2:57  SCV  
  31  3:12  Orbital Command  
  31  3:14  Marine  
  31  3:16  SCV  
  31  3:28  SCV, Cyclone  
  31  3:33  Marine  
  35  3:40  Marine  
  33  3:44  Orbital Command  
  31  3:49  Bunker  
  31  3:51  Marine  
  31  3:58  SCV, Marine  
  31  4:00  Cyclone  
  35  4:10  SCV, Marine  
  35  4:11  SCV  
  35  4:15  Marine  
  39  4:22  SCV  
  40  4:24  Supply Depot  
  40  4:27  SCV  
  40  4:28  Marine  
  42  4:34  SCV, Factory Tech Lab  
  43  4:40  Marine  
  43  4:41  SCV  
  44  4:46  SCV, Supply Depot  
  44  4:47  Marine  
  46  4:57  Siege Tank  
  46  4:58  Marine  
  50  5:04  Marine  
  50  5:06  Supply Depot  
  49  5:16  Supply Depot, Marine  
  50  5:22  Marine  
  51  5:28  Orbital Command  
  51  5:29  Siege Tank  
  51  5:33  SCV, Marine  
  56  5:38  Refinery  
  56  5:40  Marine  
  58  5:45  Starport  
  57  5:51  Marine  
  57  5:52  SCV  
  59  5:58  Marine  
  59  6:02  Supply Depot  
  60  6:04  SCV  
  60  6:05  Orbital Command  
  60  6:09  Marine  
  62  6:23  SCV, Siege Tank, Bunker, Marine  
  62  6:25  Medivac  
  69  6:27  Marine  
  69  6:28  Supply Depot  
  69  6:41  Supply Depot, Marine  
  70  6:48  Supply Depot  
  70  6:50  SCV x2, Marine  
Tags
 
Add a new tag
Caveats
  • Supply blocks, unpowered buildings, or Contaminate may cause inaccurate times.
  • Supply counts are checked every 10 seconds.